[Event "Titled Tuesday Blitz April 18 Early 2023"]
[White "Karthik Sai Ch"]
[Black "Shuvalov, Evgenij"]
[WhiteFideId "46649484"]
[BlackFideId "4187237"]
[WhiteElo "2003"]
[BlackElo "2080"]
[Result "1/2-1/2"]
[Round "11"]
[TimeControl "180+2"]
[Date "2023.04.18"]
[WhiteClock "0:00:23"]
[BlackClock "0:01:18"]

1. d4 Nf6 2. Nf3 g6 3. Nc3 d5 4. Bf4 a6 5. e3 Bg7 6. Be2 O-O 7. h4 Bg4 8. Ne5 Bxe2 9. Qxe2 Nbd7 10. g4 Nxe5 11. Bxe5 Ne4 12. Nxe4 dxe4 13. Bxg7 Kxg7 14. O-O-O h6 15. h5 g5 16. f4 exf3 17. Qxf3 c6 18. e4 Qd6 19. e5 Qd5 20. Qxd5 cxd5 21. Rd3 f6 22. Rb3 Rab8 23. Re1 f5 24. gxf5 Rxf5 25. Rb6 g4 26. Rg6+ Kh7 27. Rxg4 Rxh5 28. Reg1 Rg5 29. Rxg5 hxg5 30. Rxg5 Rf8 31. b3 Rf4 32. c3 e6 33. Kb2 b5 34. Rg2 b4 35. a3 bxc3+ 36. Kxc3 a5 37. b4 Rf3+ 38. Kb2 a4 39. Ka2 Rd3 40. Rg4 Rd2+ 41. Kb1 Rd3 42. Kb2 Rb3+ 43. Ka2 Rd3 44. Kb2 Rb3+ 45. Ka2 Rd3 46. Rf4 Kg7 47. Rf6 Rxd4 48. Rxe6 Rd2+ 49. Kb1 Rd3 50. Kb2 Rd2+ 51. Kc3 Ra2 52. b5 Rxa3+ 53. Kd4 Rb3 54. b6 a3 55. Kxd5 a2 56. Re7+ Kg6 57. Ra7 Rxb6 58. Rxa2 Kf7 59. Ra7+ Ke8 60. Rh7 Ra6 61. Ke4 Rb6 62. Kf5 Ra6 63. Rc7 Rb6 64. Rc1 Ra6 65. Re1 Ke7 66. Rh1 Rb6 67. Rh8 Ra6 68. Rh7+ Ke8 69. Kf4 Rb6 70. Kg5 Ra6 71. Kf5 Rb6 72. Rg7 Ra6 73. Rg8+ Ke7 74. Rb8 Rc6 75. Rb7+ Ke8 76. Ra7 Rb6 77. Ra4 Rc6 78. Rf4 Ke7 79. Kg5 Ra6 80. Rf6 Rxf6 81. exf6+ Kf7 82. Kf5 Kf8 83. Kf4 Kf7 84. Kg5 Kf8 85. Kg6 Kg8 86. Kh6 Kf7 87. Kg5 Kf8 88. Kg4 Kf7 89. Kf5 Kf8 90. Ke5 Kf7 91. Kf5 1/2-1/2


[Site "https://www.chess.com"]

[Event "Titled Tuesday Blitz April 18 Early 2023"]
[White "Omariev, Maksim"]
[Black "Buscar, Michael"]
[WhiteFideId "4193423"]
[BlackFideId "2603616"]
[WhiteElo "2446"]
[BlackElo "2010"]
[Result "0-1"]
[Round "11"]
[TimeControl "180+2"]
[Date "2023.04.18"]
[WhiteClock "0:00:09"]
[BlackClock "0:00:31"]

1. e4 c5 2. Nf3 Nc6 3. d4 cxd4 4. Nxd4 Nf6 5. Nc3 e5 6. Ndb5 h6 7. Nd6+ Bxd6 8. Qxd6 Qe7 9. Qxe7+ Kxe7 10. Be3 Rd8 11. Be2 d6 12. O-O-O Be6 13. Rd2 Rac8 14. Rhd1 b6 15. f3 Na5 16. Nb5 Bxa2 17. Nc3 Bc4 18. Kb1 Bxe2 19. Rxe2 Nc4 20. Bc1 Rc5 21. b3 Na3+ 22. Bxa3 Rxc3 23. Red2 Rc6 24. c4 Ke6 25. Kb2 Ne8 26. h4 f5 27. exf5+ Kxf5 28. Bb4 a5 29. Ba3 Ke6 30. h5 a4 31. g4 axb3 32. Kxb3 Rb8 33. Rd5 Rbc8 34. R1d3 Rxc4 35. Bxd6 Rc3+ 36. Rxc3 Rxc3+ 37. Kxc3 Kxd5 38. Bf8 Ke6 39. Kc4 Kf7 40. Bb4 Nf6 41. Kb5 Nd7 42. Kc6 Ke6 43. Bc3 Nf6 44. Bb2 Nd5 45. Ba1 Nb4+ 46. Kxb6 Nc2 47. Bc3 Nd4 48. Kc5 Nxf3 49. Kc4 Nh2 50. g5 hxg5 51. Kd3 Kf5 52. Ke3 Ng4+ 53. Kf3 Nf6 54. Bxe5 Kxe5 55. Kg3 Kf5 56. h6 gxh6 57. Kh3 h5 58. Kg3 h4+ 59. Kh3 Kf4 60. Kh2 Kg4 61. Kg2 h3+ 62. Kh2 Kh4 63. Kh1 Kg3 64. Kg1 Ng4 65. Kh1 Nf2+ 66. Kg1 h2+ 67. Kf1 h1=Q+ 68. Ke2 Qe4+ 69. Kd2 Qd3+ 70. Kc1 Qe2 71. Kb1 Nd3 72. Ka1 Qb2# 0-1


[Site "https://www.chess.com"]

[Event "Titled Tuesday Blitz April 18 Early 2023"]
[White "Estrada Nieto, Julian"]
[Black "Fuzesabonyilaci"]
[WhiteFideId "5101018"]
[WhiteElo "2161"]
[BlackElo "2334"]
[Result "0-1"]
[Round "11"]
[TimeControl "180+2"]
[Date "2023.04.18"]
[WhiteClock "0:01:08"]
[BlackClock "0:00:43"]

1. e4 e5 2. Nf3 Nc6 3. Bb5 a6 4. Bxc6 dxc6 5. O-O Qf6 6. d4 exd4 7. Bg5 Qd6 8. Qxd4 Qxd4 9. Nxd4 f6 10. Bf4 Bd6 11. Ne2 Bxf4 12. Nxf4 Bd7 13. Nc3 O-O-O 14. Rfd1 Nh6 15. f3 Nf7 16. Nd3 b6 17. Kf2 c5 18. Nd5 Rhe8 19. b3 Bc6 20. N3f4 Ne5 21. Rd2 c4 22. Rad1 Kb7 23. Nb4 Rxd2+ 24. Rxd2 cxb3 25. cxb3 a5 26. Nxc6 Kxc6 27. Nd5 Kb7 28. h3 Rd8 29. Ke2 Ng6 30. g3 c6 31. Ne3 Rxd2+ 32. Kxd2 Ne5 33. Ke2 Kc7 34. f4 Nf7 35. Nf5 g6 36. Nd4 Kd7 37. Ke3 Nd6 38. g4 c5 39. Nf3 b5 40. e5 fxe5 41. Nxe5+ Ke6 42. Nc6 a4 43. bxa4 bxa4 44. Kd3 Kd5 45. Ne5 c4+ 46. Kc3 Ne4+ 47. Kb4 c3 48. Nc4 Kd4 49. Na3 Kd3 50. Kxa4 c2 51. Nxc2 Kxc2 52. Kb5 Kd3 53. a4 Nc3+ 54. Kb4 Nxa4 55. Kxa4 Ke4 56. f5 gxf5 57. gxf5 Kxf5 58. Kb4 Kf4 59. h4 Kg4 60. h5 Kxh5 61. Kc3 Kg4 62. Kd2 Kg3 63. Ke1 Kg2 64. Ke2 h5 65. Ke3 h4 66. Kf4 h3 0-1


[Site "https://www.chess.com"]

[Event "Titled Tuesday Blitz April 18 Early 2023"]
[White "Alexikov, Alexander"]
[Black "Kubatko, Ivan"]
[WhiteFideId "14103958"]
[BlackFideId "24111473"]
[WhiteElo "2186"]
[BlackElo "2285"]
[Result "0-1"]
[Round "11"]
[TimeControl "180+2"]
[Date "2023.04.18"]
[WhiteClock "0:00:57"]
[BlackClock "0:00:36"]

1. e4 d5 2. exd5 Qxd5 3. Nc3 Qa5 4. b4 Qxb4 5. Nb5 Qa5 6. Bc4 Nf6 7. Bb2 c6 8. Bc3 Qd8 9. Nd4 e5 10. Ndf3 Bd6 11. Nxe5 O-O 12. Ngf3 Nd5 13. Bb2 Nd7 14. Nxd7 Bxd7 15. O-O Bg4 16. h3 Bh5 17. Bxd5 cxd5 18. g4 Bg6 19. Ne5 Qh4 20. Kg2 h5 21. Nf3 Be4 22. d3 hxg4 23. dxe4 Qxh3+ 24. Kg1 gxf3 0-1


[Site "https://www.chess.com"]

[Event "Titled Tuesday Blitz April 18 Early 2023"]
[White "Vivas Zamora, Fabian Ernesto"]
[Black "Fajdetic, Hrvoje"]
[WhiteFideId "3902480"]
[BlackFideId "14501945"]
[WhiteElo "2262"]
[BlackElo "2185"]
[Result "1-0"]
[Round "11"]
[TimeControl "180+2"]
[Date "2023.04.18"]
[WhiteClock "0:01:02"]
[BlackClock "0:00:22"]

1. e4 c5 2. Nc3 g6 3. d4 cxd4 4. Qxd4 Nf6 5. Be3 Nc6 6. Qd2 Bg7 7. f3 O-O 8. O-O-O Qa5 9. Kb1 b5 10. Nxb5 Qxd2 11. Rxd2 Rb8 12. b3 a6 13. Nd4 Na5 14. Nh3 d5 15. e5 Nh5 16. g4 Bxe5 17. gxh5 Bxh3 18. Bxh3 Nc4 19. Nc6 Nxd2+ 20. Bxd2 Bd6 21. Nxb8 Rxb8 22. f4 e6 23. hxg6 hxg6 24. Rf1 Kf8 25. Bc3 Rc8 26. Be5 Ba3 27. Bg4 Ke7 28. h4 Rh8 29. Bxh8 1-0


[Site "https://www.chess.com"]

[Event "Titled Tuesday Blitz April 18 Early 2023"]
[White "Avazkhonov, Alikhon"]
[Black "Pourkashiyan, Atousa"]
[WhiteFideId "14208504"]
[BlackFideId "12502014"]
[WhiteElo "1739"]
[BlackElo "2228"]
[Result "1/2-1/2"]
[Round "11"]
[TimeControl "180+2"]
[Date "2023.04.18"]
[WhiteClock "0:00:05"]
[BlackClock "0:00:07"]

1. d4 Nf6 2. c4 e6 3. Nc3 Bb4 4. e3 O-O 5. Bd3 d5 6. Ne2 dxc4 7. Bxc4 c5 8. a3 Ba5 9. dxc5 Qxd1+ 10. Kxd1 Ng4 11. Ke1 Ne5 12. Bb5 a6 13. f4 axb5 14. fxe5 Nc6 15. Bd2 Nxe5 16. Rb1 b4 17. Nb5 bxa3 18. Nxa3 Nd3+ 19. Kd1 Nf2+ 20. Kc2 Nxh1 21. Rxh1 Bxd2 22. Kxd2 Rd8+ 23. Kc3 Ra5 24. Kb4 Ra8 25. Nc3 Rd2 26. Nc4 Rxg2 27. Nb6 Rb8 28. Rd1 Kf8 29. Rd8+ Ke7 30. Rh8 Rxb2+ 31. Ka3 Rxh2 32. Nxc8+ Kf6 33. Ne4+ Ke5 34. Ned6 Ra8+ 35. Kb4 Raa2 36. Nc4+ Ke4 37. N8d6+ Kd3 38. Nxb7 Rhb2+ 39. Nxb2+ Rxb2+ 40. Ka5 Rxb7 41. c6 Rb1 42. c7 Rc1 43. Kb6 Kxe3 44. Rxh7 f5 45. Rxg7 f4 46. Re7 Rb1+ 47. Ka7 Rc1 48. Rxe6+ Kf2 49. Kb7 Rxc7+ 50. Kxc7 f3 51. Kd6 Kg1 52. Rg6+ Kh2 53. Rf6 Kg2 54. Ke5 f2 55. Rxf2+ Kxf2 1/2-1/2


[Site "https://www.chess.com"]

[Event "Titled Tuesday Blitz April 18 Early 2023"]
[White "Topalov, Aleksandar"]
[Black "Makhmudov, Shukhrat"]
[WhiteFideId "925659"]
[BlackFideId "14200775"]
[WhiteElo "2151"]
[BlackElo "2135"]
[Result "0-1"]
[Round "11"]
[TimeControl "180+2"]
[Date "2023.04.18"]
[WhiteClock "0:02:07"]
[BlackClock "0:02:27"]

1. b3 Nf6 2. Bb2 Nc6 3. c4 e5 4. e3 Be7 5. Nf3 d6 6. d4 Bg4 7. h3 Bxf3 8. Qxf3 exd4 9. exd4 d5 10. a3 O-O 11. c5 Ne4 12. Be2 Bf6 0-1


[Site "https://www.chess.com"]

[Event "Titled Tuesday Blitz April 18 Early 2023"]
[White "Chirivi C, Jenny Astrid"]
[Black "Andrews, Todd"]
[WhiteFideId "4403061"]
[BlackFideId "2012456"]
[WhiteElo "2001"]
[BlackElo "2417"]
[Result "0-1"]
[Round "11"]
[TimeControl "180+2"]
[Date "2023.04.18"]
[WhiteClock "0:00:01"]
[BlackClock "0:00:38"]

1. d4 Nf6 2. c4 c5 3. d5 b5 4. cxb5 a6 5. bxa6 g6 6. Nc3 Bg7 7. Nf3 O-O 8. g3 Qa5 9. Bg2 d6 10. O-O Bxa6 11. Qc2 Nbd7 12. Rd1 Bb7 13. Bd2 Qa6 14. Be1 Nb6 15. b3 Nfxd5 16. Ng5 Nb4 17. Bxb7 Nxc2 18. Bxa6 Nxa1 19. Bb7 Ra7 20. Be4 d5 21. Nxd5 Nxd5 22. Bxd5 Rxa2 23. b4 Rxe2 24. bxc5 e6 25. Bf3 Rc2 26. c6 Nb3 27. Bb4 Rc8 28. Bd6 Nd4 29. Be4 Rc3 30. c7 h6 31. Nh3 g5 32. Kg2 R8xc7 33. Bxc7 Rxc7 34. Ng1 f5 35. Bb1 g4 36. h3 h5 37. hxg4 hxg4 38. Ba2 Kf7 39. Bb1 Rb7 40. Bd3 Rb2 41. Rb1 Rd2 42. Rb7+ Kf6 43. Bb1 Bh6 44. Rb8 Be3 45. Rf8+ Ke5 46. Ra8 Rxf2+ 47. Kh1 Rf1 48. Ra5+ Kf6 0-1


[Site "https://www.chess.com"]

[Event "Titled Tuesday Blitz April 18 Early 2023"]
[White "lluiss"]
[Black "Lach, Aleksandra"]
[BlackFideId "1134299"]
[WhiteElo "2292"]
[BlackElo "2111"]
[Result "0-1"]
[Round "11"]
[TimeControl "180+2"]
[Date "2023.04.18"]
[WhiteClock "0:00:10"]
[BlackClock "0:00:12"]

1. Nf3 f5 2. c4 Nf6 3. g3 g6 4. Bg2 Bg7 5. O-O O-O 6. Nc3 d6 7. d4 c6 8. d5 e5 9. dxe6 Bxe6 10. Qd3 Qe7 11. Nd4 Rd8 12. Nxe6 Qxe6 13. Rd1 Na6 14. Be3 Nb4 15. Qd2 Qxc4 16. a3 Na6 17. Bg5 Qf7 18. e4 fxe4 19. Bxf6 Bxf6 20. Nxe4 d5 21. Nxf6+ Qxf6 22. b4 Nc7 23. a4 a6 24. Qe3 Rf8 25. Ra2 Rf7 26. Qb6 Ne6 27. b5 axb5 28. a5 d4 29. a6 Rxa6 30. Rxa6 bxa6 31. Qxc6 Qxf2+ 32. Kh1 Qe2 33. Rg1 Kg7 34. Qd5 d3 35. Bh3 Ng5 36. Qd4+ Kh6 37. Bg2 d2 38. Qh4+ Qh5 39. Qd4 Nf3 40. Qe3+ Kg7 41. Qc3+ Rf6 42. Qc7+ Kh6 43. Qc3 Qxh2# 0-1


[Site "https://www.chess.com"]

[Event "Titled Tuesday Blitz April 18 Early 2023"]
[White "Bashirli, Saadat"]
[Black "Pein, Jonathan"]
[WhiteFideId "13429990"]
[BlackFideId "417092"]
[WhiteElo "1408"]
[BlackElo "2151"]
[Result "1-0"]
[Round "11"]
[TimeControl "180+2"]
[Date "2023.04.18"]
[WhiteClock "0:01:13"]
[BlackClock "0:00:44"]

1. e4 e5 2. Nf3 Nf6 3. Nxe5 d6 4. Nc4 Nxe4 5. Qe2 Qe7 6. Ne3 c6 7. Nc3 Nxc3 8. bxc3 g6 9. Ba3 Bg7 10. Nc4 Qxe2+ 11. Bxe2 d5 12. Nd6+ Kd7 13. Nxf7 Re8 14. Ng5 Na6 15. Kf1 Kc7 16. Rb1 Bf5 17. Bd3 Bg4 18. f3 Bd7 19. Kf2 h6 20. Bxg6 hxg5 21. Bxe8 Rxe8 22. h4 gxh4 23. Rxh4 Be5 24. Rbh1 Rg8 25. g4 c5 26. Rh5 Kd6 27. d4 Bf4 28. dxc5+ Kc6 29. Rd1 Nc7 30. Rd4 Bg5 31. c4 dxc4 32. Rd6+ Kb5 33. Rxd7 Ne6 34. Rxb7+ Kc6 35. Rxa7 Nf4 36. Rhh7 Rd8 37. Ra6+ Kd5 38. Rd6+ 1-0


[Site "https://www.chess.com"]

[Event "Titled Tuesday Blitz April 18 Early 2023"]
[White "Hartikainen, Jarmo"]
[Black "Matveeva, Olga"]
[WhiteFideId "503134"]
[BlackFideId "24107018"]
[WhiteElo "2139"]
[BlackElo "2056"]
[Result "0-1"]
[Round "11"]
[TimeControl "180+2"]
[Date "2023.04.18"]
[WhiteClock "0:00:02"]
[BlackClock "0:00:26"]

1. e4 e6 2. d4 d5 3. Nc3 Nf6 4. Bg5 Bb4 5. e5 h6 6. Bd2 Bxc3 7. bxc3 Ne4 8. Qg4 Kf8 9. Bd3 Nxd2 10. Kxd2 c5 11. h4 c4 12. Be2 Nc6 13. Rh3 Bd7 14. Rg3 Rg8 15. Nh3 b5 16. Nf4 Ne7 17. Nh5 Nf5 18. Nf6 Nxg3 19. Nxd7+ Qxd7 20. fxg3 a5 21. Qf3 b4 22. Bxc4 bxc3+ 23. Ke1 Rb8 24. Bd3 Ke7 25. a4 Rb4 26. Bb5 Qc7 27. Ke2 Rxd4 28. Rf1 Re4+ 29. Kd1 Rf8 30. Bd3 Rxa4 31. Ke2 Qxe5+ 32. Kf2 Qd4+ 33. Ke2 Ra2 34. h5 f6 35. Rb1 Rd8 36. Rd1 Qe5+ 37. Kf1 Rb8 38. Qg4 Kf8 39. Qg6 Rab2 40. Qh7 f5 41. Qh8+ Kf7 42. Qh7 Qxg3 0-1


[Site "https://www.chess.com"]

[Event "Titled Tuesday Blitz April 18 Early 2023"]
[White "chessjazda"]
[Black "guillan"]
[WhiteElo "2325"]
[BlackElo "2078"]
[Result "1-0"]
[Round "11"]
[TimeControl "180+2"]
[Date "2023.04.18"]
[WhiteClock "0:00:49"]
[BlackClock "0:00:13"]

1. b4 Nf6 2. Bb2 e6 3. b5 Be7 4. e4 d6 5. d3 O-O 6. Nd2 c6 7. a4 a6 8. bxc6 Nxc6 9. Ngf3 Bd7 10. Be2 b5 11. axb5 axb5 12. O-O Qc7 13. Nb3 h6 14. Qd2 Rfc8 15. Rxa8 Rxa8 16. Ra1 Rxa1+ 17. Bxa1 d5 18. e5 Ne8 19. g4 Qa7 20. Bb2 Qa2 21. Qc1 Na5 22. Nxa5 Qxa5 23. Nd4 Nc7 24. Nb3 Qa4 25. Qa1 Qxa1+ 26. Bxa1 Na6 27. Kf1 Kf8 28. Ke1 Ke8 29. Kd1 Kd8 30. Bd4 Kc7 31. f4 Nb8 32. h3 Nc6 33. Be3 g5 34. fxg5 Bxg5 35. Bxg5 hxg5 36. d4 Ne7 37. Nc5 Bc6 38. Bd3 Nc8 39. Ke2 Nb6 40. Kf2 Na4 41. Kg3 Nxc5 42. dxc5 b4 43. h4 gxh4+ 44. Kxh4 Ba4 45. Kg5 Kc6 46. Kf6 Kxc5 47. Kxf7 b3 48. cxb3 Bxb3 49. g5 Bd1 50. Kxe6 Kd4 51. Bf5 Bh5 52. g6 1-0


[Site "https://www.chess.com"]

[Event "Titled Tuesday Blitz April 18 Early 2023"]
[White "Inepton_Fermion"]
[Black "Gonzalez, Francisco Silva"]
[BlackFideId "1512285"]
[WhiteElo "2260"]
[BlackElo "2074"]
[Result "1-0"]
[Round "11"]
[TimeControl "180+2"]
[Date "2023.04.18"]
[WhiteClock "0:00:05"]
[BlackClock "0:00:09"]

1. e4 e5 2. Nf3 Nc6 3. Bc4 Bc5 4. c3 Nf6 5. d4 exd4 6. e5 d5 7. Bb5 Ne4 8. cxd4 Bb6 9. Nc3 O-O 10. Be3 f5 11. exf6 Nxc3 12. bxc3 Qxf6 13. O-O Bg4 14. Be2 h6 15. a4 Kh8 16. h3 Bxf3 17. Bxf3 Rad8 18. Qd3 Na5 19. Bd1 Qf5 20. Qe2 Qf7 21. Bc2 c6 22. Qd3 Qg8 23. Rae1 Rde8 24. Bc1 Nc4 25. Qg6 Rxe1 26. Rxe1 Rf6 27. Qd3 Rf8 28. Re6 a5 29. Bxh6 Rf6 30. Re8 Rxh6 31. Rxg8+ Kxg8 32. Qf5 Rf6 33. Qc8+ Rf8 34. Qxb7 Rf6 35. Bd3 Bd8 36. Bxc4 dxc4 37. Qc8 Rd6 38. f4 Kf7 39. g4 Bf6 40. Kf2 Ke7 41. Qc7+ Ke6 42. Qxa5 Rd5 43. Qa6 Kd6 44. Qxc4 g5 45. f5 Bd8 46. Qb4+ Kd7 47. Qb7+ Bc7 48. Kf3 Ra5 49. Qb4 Rd5 50. Ke4 Ba5 51. Qb7+ Bc7 52. c4 Ra5 53. Qb4 c5 54. dxc5 Kc6 55. f6 Rxc5 56. Qxc5+ Kxc5 57. f7 Bd6 58. Kf5 Kxc4 59. Kxg5 Kb4 60. Kf6 Kxa4 61. g5 Bf8 62. g6 Bg7+ 63. Kxg7 1-0


[Site "https://www.chess.com"]

[Event "Titled Tuesday Blitz April 18 Early 2023"]
[White "Yanayt, Eugene"]
[Black "Aanna12"]
[WhiteFideId "2020165"]
[WhiteElo "2083"]
[BlackElo "2211"]
[Result "0-1"]
[Round "11"]
[TimeControl "180+2"]
[Date "2023.04.18"]
[WhiteClock "0:00:35"]
[BlackClock "0:00:44"]

1. Nf3 c5 2. e4 d6 3. d4 cxd4 4. Nxd4 Nf6 5. Nc3 a6 6. Be3 e5 7. Nb3 Be7 8. f3 Be6 9. g4 d5 10. g5 d4 11. gxf6 Bxf6 12. Qd2 dxe3 13. Qxe3 Bg5 14. Qc5 Bh4+ 15. Ke2 Nd7 16. Qb4 Be7 17. Qa4 b5 18. Nxb5 axb5 19. Qxb5 Rb8 20. Qa6 O-O 21. Rd1 Qc7 22. Kf2 Bh4+ 23. Kg2 Nc5 24. Qe2 Nxb3 25. axb3 Qe7 26. Rg1 Rfd8 27. Rxd8+ Rxd8 28. Kh1 Qd6 29. Qb5 Bf2 30. Rg2 Be3 31. Bd3 Bf4 32. Qa5 Bh3 33. Rg1 Qd4 34. Bc4 Qd2 35. Qxd2 Rxd2 36. Bd3 Rxh2# 0-1


[Site "https://www.chess.com"]

[Event "Titled Tuesday Blitz April 18 Early 2023"]
[White "Quirke, Jeffrey"]
[Black "Kula, Robert"]
[WhiteFideId "2013029"]
[BlackFideId "1101218"]
[WhiteElo "2242"]
[BlackElo "2180"]
[Result "0-1"]
[Round "11"]
[TimeControl "180+2"]
[Date "2023.04.18"]
[WhiteClock "0:00:02"]
[BlackClock "0:00:04"]

1. e4 c5 2. Nc3 Nc6 3. f4 d6 4. Nf3 g6 5. Bb5 Bg7 6. a4 Nf6 7. Bxc6+ bxc6 8. e5 Nd5 9. O-O Nxf4 10. exd6 exd6 11. d4 Ne6 12. dxc5 dxc5 13. Ne4 O-O 14. c3 Ba6 15. Re1 Bd3 16. Nf2 Bf5 17. Be3 Qxd1 18. Raxd1 Rad8 19. Rxd8 Rxd8 20. g4 Bc2 21. a5 Rb8 22. Bc1 c4 23. Ne5 Ba4 24. g5 Rb5 25. Nfg4 Rxa5 26. Nxc4 Rd5 27. h4 Bb5 28. Nce3 Rd8 29. Nc2 Nf4 30. Nb4 Ne2+ 31. Kh2 Nxc1 32. Rxc1 Rd2+ 33. Kg3 Rxb2 34. Rd1 Kf8 35. Rd7 Rb3 36. Rxa7 Rxc3+ 37. Kg2 Bc4 38. Na6 Bd5+ 39. Kf1 Ra3 40. Ra8+ Ke7 41. Nc7 Bc4+ 42. Ke1 Bc3+ 43. Kd1 Rb3 44. Re8+ Kd7 0-1


[Site "https://www.chess.com"]

[Event "Titled Tuesday Blitz April 18 Early 2023"]
[White "Kuchava, Ana"]
[Black "Szyszylo, Rafal"]
[WhiteFideId "13605348"]
[BlackFideId "1109626"]
[WhiteElo "2001"]
[BlackElo "1951"]
[Result "0-1"]
[Round "11"]
[TimeControl "180+2"]
[Date "2023.04.18"]
[WhiteClock "0:00:04"]
[BlackClock "0:00:10"]

1. d4 g6 2. c4 d6 3. Nc3 Nf6 4. e4 Bg7 5. Nf3 O-O 6. Be2 Na6 7. O-O e5 8. Re1 Re8 9. Bf1 Bg4 10. d5 Bxf3 11. Qxf3 Nb4 12. Qe2 a5 13. Be3 b6 14. Rab1 Nh5 15. a3 Na6 16. b4 axb4 17. axb4 Nf4 18. Qd2 Qe7 19. Nb5 Nh5 20. Rec1 f5 21. f3 fxe4 22. fxe4 Qh4 23. Bd3 Nf4 24. c5 bxc5 25. bxc5 dxc5 26. Bxc5 Nxc5 27. Rxc5 Qg5 28. Rd1 Bh6 29. Qc2 Nh3+ 30. Kh1 Qe3 31. gxh3 Qf3+ 32. Qg2 Qxd1+ 33. Bf1 Ra1 34. Kg1 Rf8 0-1


[Site "https://www.chess.com"]

[Event "Titled Tuesday Blitz April 18 Early 2023"]
[White "Mikhaylova, Irina"]
[Black "dDobravcan"]
[WhiteFideId "4109040"]
[WhiteElo "1975"]
[BlackElo "2179"]
[Result "1-0"]
[Round "11"]
[TimeControl "180+2"]
[Date "2023.04.18"]
[WhiteClock "0:00:18"]
[BlackClock "0:00:01"]

1. Nf3 d6 2. c4 Bg4 3. d4 Nd7 4. d5 e5 5. dxe6 fxe6 6. h3 Bh5 7. Nd4 Bf7 8. Nc3 Ngf6 9. e4 a6 10. Be2 c5 11. Nc2 Be7 12. Bf4 Qc7 13. Qd2 O-O-O 14. O-O-O Nb8 15. Qe3 Nc6 16. Rd2 e5 17. Bg5 Nd4 18. Bxf6 Bxf6 19. Nd5 Bxd5 20. cxd5 Qa5 21. Kb1 h6 22. h4 g5 23. Qc3 Qb6 24. h5 Kb8 25. Bg4 Ka7 26. Rc1 Rhf8 27. Ne3 Bg7 28. Bf5 g4 29. Nxg4 Nxf5 30. exf5 Rxf5 31. Ne3 Rxh5 32. g4 Rh2 33. Nf5 Bf6 34. Qb3 Bg5 35. Rdc2 Bxc1 36. Kxc1 Rh1+ 37. Kd2 Qa5+ 38. Qc3 Qxc3+ 39. Kxc3 Rf8 40. Re2 Rf6 41. Ng3 Rf4 42. Ne4 Rxg4 43. Nxd6 Rg2 44. Nc4 e4 45. Ne3 Rg7 46. Kc4 b6 47. d6 Rc1+ 48. Kd5 Rg5+ 49. Kc6 b5 50. Rd2 Rg8 51. d7 Rd8 52. Kc7 Rxd7+ 53. Rxd7 a5 54. Kc6+ Ka6 55. Nd5 1-0


[Site "https://www.chess.com"]

[Event "Titled Tuesday Blitz April 18 Early 2023"]
[White "Theytookourjobs"]
[Black "Kiseljova, Marya"]
[BlackFideId "4155009"]
[WhiteElo "2316"]
[BlackElo "1851"]
[Result "1-0"]
[Round "11"]
[TimeControl "180+2"]
[Date "2023.04.18"]
[WhiteClock "0:00:06"]
[BlackClock "0:00:07"]

1. d4 d5 2. Bf4 Nf6 3. e3 e6 4. Nf3 c5 5. Nc3 Nc6 6. Nb5 Qa5+ 7. c3 Kd7 8. Bc7 b6 9. Bf4 Ne8 10. Be2 c4 11. a4 Ba6 12. Na3 Bd6 13. Bg3 h6 14. O-O Bxg3 15. hxg3 Nf6 16. Nc2 b5 17. axb5 Qxb5 18. b3 Ne4 19. bxc4 dxc4 20. Na3 Qd5 21. Qa4 Nxc3 22. Qc2 Nxe2+ 23. Qxe2 Rhb8 24. Rfc1 Nb4 25. Nxc4 Bxc4 26. Rxc4 a5 27. Rac1 Rb7 28. Ne5+ Ke7 29. Qg4 g5 30. Qh5 f6 31. Qf7+ Kd6 32. Rc6+ Nxc6 33. Qxb7 Nxe5 34. dxe5+ Kxe5 35. Qb2+ Kf5 36. Qb1+ Ke5 37. f4+ gxf4 38. gxf4+ Kd6 39. Rd1 a4 40. Rxd5+ exd5 41. Qa2 Ra5 42. Qa3+ Kc6 43. Kf2 Kb5 44. Kf3 Ra6 45. Qd3+ Ka5 46. Qxd5+ Kb4 47. Qd2+ Kb5 48. Qd3+ Kb4 49. Qxa6 Kb3 50. Ke4 a3 51. Kf5 a2 52. Kxf6 Kb2 53. Qxa2+ Kxa2 54. Kg6 h5 55. Kxh5 1-0


[Site "https://www.chess.com"]

[Event "Titled Tuesday Blitz April 18 Early 2023"]
[White "Prudnykova, Olga"]
[Black "Jaivardhan Raj"]
[WhiteFideId "14121093"]
[BlackFideId "25744437"]
[WhiteElo "2113"]
[BlackElo "1772"]
[Result "1-0"]
[Round "11"]
[TimeControl "180+2"]
[Date "2023.04.18"]
[WhiteClock "0:00:41"]
[BlackClock "0:01:10"]

1. e4 c5 2. Nf3 e6 3. Nc3 Nc6 4. d4 cxd4 5. Nxd4 a6 6. Nxc6 bxc6 7. Bd3 d5 8. Qe2 Nf6 9. O-O Bc5 10. Bg5 d4 11. e5 dxc3 12. exf6 gxf6 13. Bh6 cxb2 14. Rab1 Bd4 15. Rfd1 Qb6 16. Qf3 Bd7 17. Bg7 Rg8 18. Bxf6 Bxf6 19. Qxf6 h5 20. Rxb2 Qc7 21. c4 c5 22. Bh7 Rf8 23. Rbd2 Bc6 24. Rd6 a5 25. Bg6 Bd7 26. Rxe6+ Bxe6 27. Qxe6+ Qe7 28. Qc6+ Qd7 29. Qxd7# 1-0


[Site "https://www.chess.com"]

[Event "Titled Tuesday Blitz April 18 Early 2023"]
[White "Tyagi, Kushan"]
[Black "Tarnowska, Aleksandra"]
[WhiteFideId "2040069"]
[BlackFideId "1180967"]
[WhiteElo "2287"]
[BlackElo "1776"]
[Result "1-0"]
[Round "11"]
[TimeControl "180+2"]
[Date "2023.04.18"]
[WhiteClock "0:00:10"]
[BlackClock "0:00:03"]

1. d4 d5 2. c4 e6 3. Nf3 Nf6 4. g3 Bb4+ 5. Bd2 Be7 6. Bg2 O-O 7. O-O dxc4 8. Qc2 c5 9. dxc5 Bxc5 10. Qxc4 Qb6 11. Nc3 Bd7 12. Ne5 Nc6 13. Nxd7 Nxd7 14. Na4 Qd8 15. Bxc6 bxc6 16. Nxc5 Nxc5 17. Bb4 Nd7 18. Bxf8 Nxf8 19. Qxc6 Rc8 20. Qe4 Qb6 21. b3 h6 22. Rac1 Rb8 23. Rfd1 Qa5 24. Rc2 Ng6 25. Rdc1 Rf8 26. Rc8 Qxa2 27. b4 Qa3 28. h4 Ne7 29. Rxf8+ Kxf8 30. Qa8+ Nc8 31. Rxc8+ Ke7 32. Re8+ Kf6 33. Qd8+ Kg6 34. Qd3+ Kf6 35. Qxa3 1-0


[Site "https://www.chess.com"]

[Event "Titled Tuesday Blitz April 18 Early 2023"]
[White "Thomas, Anysia"]
[Black "Steenbekkers, Franck"]
[WhiteFideId "670472"]
[BlackFideId "1004220"]
[WhiteElo "2091"]
[BlackElo "2114"]
[Result "1-0"]
[Round "11"]
[TimeControl "180+2"]
[Date "2023.04.18"]
[WhiteClock "0:00:28"]
[BlackClock "0:01:26"]

1. d4 Nf6 2. c4 g6 3. Nc3 d5 4. cxd5 Nxd5 5. e4 Nxc3 6. bxc3 Bg7 7. Be3 c5 8. Nf3 Qa5 9. Qd2 O-O 10. Rb1 b6 11. Rb5 Qa4 12. dxc5 Ba6 13. Rb4 Qa5 14. cxb6 Nc6 15. Rb3 Bxf1 16. Kxf1 axb6 17. g3 Qxa2 18. Qxa2 Rxa2 19. Kg2 Na5 20. Rxb6 Bxc3 21. Bh6 Rd8 22. Ra6 f6 23. Ra7 Kf7 24. e5 Bxe5 25. Nxe5+ fxe5 26. Bg5 Re8 27. Re1 Ra3 28. Rxe5 Nc4 29. Rexe7+ Rxe7 30. Rxe7+ Kg8 31. Bh6 Nd6 32. Rg7+ Kh8 33. Rd7 Ne8 34. Rd8 Kg8 35. Rxe8+ Kf7 36. Rf8+ 1-0


[Site "https://www.chess.com"]

[Event "Titled Tuesday Blitz April 18 Early 2023"]
[White "Broca Jimenez, Fernando"]
[Black "Birkisson, Bardur Orn"]
[WhiteFideId "5104742"]
[BlackFideId "2310597"]
[WhiteElo "2062"]
[BlackElo "2062"]
[Result "0-1"]
[Round "11"]
[TimeControl "180+2"]
[Date "2023.04.18"]
[WhiteClock "0:00:09"]
[BlackClock "0:00:10"]

1. e4 Nf6 2. e5 Nd5 3. d4 d6 4. c4 Nb6 5. exd6 exd6 6. Bd3 Be7 7. Ne2 O-O 8. O-O Bg4 9. f3 Bh5 10. Nbc3 c6 11. Be3 Na6 12. b3 Nc7 13. Qd2 Bg6 14. Rfe1 Bf6 15. Rad1 d5 16. c5 Nd7 17. Nf4 Bxd3 18. Nxd3 Ne6 19. Ne2 a5 20. Ndf4 Nxf4 21. Nxf4 g6 22. Nh3 b6 23. cxb6 Nxb6 24. Bg5 a4 25. Rc1 axb3 26. axb3 Bxg5 27. Qxg5 Qd6 28. Qf4 Qd7 29. Qf6 Rac8 30. Re7 Qd8 31. Ng5 Nd7 32. Qd6 Nb8 33. Qxd8 Rcxd8 34. f4 Rfe8 35. Rce1 Rxe7 36. Rxe7 h6 37. Nxf7 Kf8 38. Rb7 Nd7 39. Nxh6 c5 40. dxc5 Nxc5 41. Rf7+ Ke8 42. Rg7 Rd6 43. Ng4 d4 44. Ne5 d3 45. Nxd3 Nxd3 46. h4 Nxf4 47. b4 Nh5 48. Rb7 Kf8 49. b5 Nf4 50. b6 Ke8 51. Rb8+ Kd7 52. b7 Rb6 53. Rg8 Rxb7 54. Rg7+ Kc6 55. g3 Rxg7 56. gxf4 Rf7 57. Kg2 Rf5 58. Kg3 Kd5 59. Kg4 Ke4 60. h5 Rxh5 61. f5 Rxf5 62. Kh4 0-1


[Site "https://www.chess.com"]